 Dungeon Crawl Stone Soup version 0.30-a0-743-gbfdf073431 (webtiles) character file.

Game seed: 16012049940071656651

2303 Dittersdorf the Fighter (level 9, -2/60 HPs)
             Began as a Gargoyle Fighter on Feb 7, 2023.
             Was a Priest of Okawaru.
             Slain by an iguana (8 damage)
             ... on level 7 of the Dungeon.
             The game lasted 00:11:13 (7158 turns).

Dittersdorf the Fighter (Gargoyle Fighter)          Turns: 7158, Time: 00:11:13

Health: -2/60      AC: 24    Str: 24    XL:     9   Next: 40%
Magic:  18/18      EV: 12    Int:  9    God:    Okawaru [***...]
Gold:   168        SH:  0    Dex:  9    Spells: 8/8 levels left

rFire   + + .      SeeInvis .    n - +4 morningstar of Big Damage {freeze, *Slow rElec rF++ MP+9}
rCold   . . .      Faith    .    w - +0 kite shield
rNeg    + . .      Spirit   .    e - +0 chain mail
rPois   ∞          Reflect  .    t - +1 helmet
rElec   +          Harm     .    (no cloak)
rCorr   +          Rampage  .    q - +2 pair of gloves
Will    .....                    k - +0 pair of boots Stlth
                                 (no amulet)
HPRegen 0.30/turn                f - +5 ring of evasion
MPRegen 0.16/turn                h - ring of resist corrosion

@: confused, studying Fighting
A: sickness immunity, AC +6, negative energy resistance 1, electricity
resistance, torment resistance 1, petrification resistance
a: Renounce Religion, Heroism


You were on level 7 of the Dungeon.
You worshipped Okawaru.
Okawaru was most pleased with you.
You visited 1 branch of the dungeon, and saw 7 of its levels.
You also visited: Sewer.

You collected 384 gold pieces.
You spent 216 gold pieces at shops.

Inventory:

Hand Weapons
 n - the +4 morningstar of Big Damage (weapon) {freeze, *Slow rElec rF++ MP+9}
   (You bought it in a shop on level 4 of the Dungeon)

   rF:        It greatly protects you from fire.
   rElec:     It insulates you from electricity.
   MP:        It affects your magic capacity (+9).
   *Slow:     It may slow you when you take damage.
 x - the +5 mace "Ofulusmena" {venom, rN++ rCorr Int-2 Dex+2}
   (You found it on level 3 of the Dungeon)

   Int:       It affects your intelligence (-2).
   Dex:       It affects your dexterity (+2).
   rN:        It greatly protects you from negative energy.
   rCorr:     It protects you from acid and corrosion.
 A - a +0 flail of venom
Missiles
 u - 16 poisoned darts (quivered)
Armour
 e - a +0 chain mail (worn)
 k - a +0 pair of boots (worn)
 q - a +2 pair of gloves (worn)
 t - a +1 helmet (worn)
 w - a +0 kite shield (worn)
Jewellery
 f - a +5 ring of evasion (left hand)
 h - a ring of resist corrosion (right hand)
Wands
 j - a wand of roots (12)
Scrolls
 i - 3 scrolls of teleportation
 y - a scroll of fear
Potions
 a - a potion of ambrosia {unknown}
 b - a potion of flight {unknown}
 c - a potion of haste
 d - a potion of might
 g - a potion of resistance {unknown}
 l - 2 potions of brilliance {unknown}
 o - 2 potions of cancellation {unknown}
 r - a potion of attraction {unknown}
 s - 3 potions of curing
 v - 2 potions of magic
 z - a potion of lignification {unknown}


   Skills:
 + Level 8.6 Fighting
 + Level 6.4 Maces & Flails
 + Level 7.4 Armour
 + Level 7.5 Shields


You had 8 spell levels left.
You didn't know any spells.
Your spell library contained the following spells:

 Spells                   Type           Power      Damage    Failure   Level
 Kiss of Death            Conj/Necr      0%         2d5       99%         1
 Confusing Touch          Hex            0%         N/A       100%        3
 Cause Fear               Hex            0%         N/A       100%        4
 Dispel Undead            Necr           0%         3d6       100%        4
 Dragon Form              Tmut           0%         N/A       100%        7
 Dragon's Call            Summ           Unusable   N/A       N/A         9

Dungeon Overview and Level Annotations

Branches:
Dungeon (7/15)             Temple (0/1) D:6           Sewer (visited)

Altars:
Fedhas
Kikubaaqudgha
Makhleb
Nemelex Xobeh
Okawaru
Sif Muna
Wu Jian

Shops:
D:2 [=:=   D:4 !(   D:5 [[!*(

Annotations:
D:2 1 runed translucent door, Crazy Yiuf


Innate Abilities, Weirdness & Mutations

You are immune to sickness and miasma.
Your stone body is resilient. (AC +6)
You are immune to poison.
You resist negative energy. (rN+)
You are resistant to electric shocks. (rElec)
You are resistant to unholy torment.
You are immune to petrification.


Message History

The orc wizard flickers and vanishes!
Deactivating autopickup; reactivate with Ctrl-A.
The orc warrior unwields a +1 arbalest of flaming.
It stops flaming.
The orc warrior wields a +0 trident.
The orc warrior hits you with a +0 trident!
You thump the orc wizard! You freeze the orc wizard!
You kill the orc wizard!
Okawaru accepts your kill.
The centaur shoots an arrow.
The arrow hits you but does no damage. The orc hits you but does no damage.
The centaur shoots an arrow.
The arrow hits you.
The orc warrior hits you but does no damage.
The iguana hisses menacingly.
The orc priest invokes the aid of Beogh against you.
Beogh smites you!
* * * LOW HITPOINT WARNING * * *
You bump into the rock wall.
The orc warrior barely misses you.
The orc priest begins to cast a cantrip, but forgets the words!
Something hits you but does no damage.
You closely miss the iguana. The orc warrior barely misses you.
The iguana closely misses you. The orc priest barely misses you.
You hear some strange, mumbled words.
You are more confused.
You're too confused to move!
The iguana bites you but does no damage.
Something barely misses you.
The orc priest hits you but does no damage.
The orc warrior hits you but does no damage.
You're too confused to move!
The iguana bites you but does no damage.
The orc hits you but does no damage. Something hits you but does no damage.
The orc priest invokes the aid of Beogh against you.
You struggle to resist.
The orc warrior barely misses you.
The orc warrior attacks as you move away!
The orc warrior hits you with a +0 trident!
* * * LOW HITPOINT WARNING * * *
The orc attacks as you move away! The orc hits you but does no damage.
The iguana barely misses you. The orc warrior barely misses you.
You bump into the rock wall.
The iguana bites you!
You die...

.... '........
.... #........
..... #........ #
.....###........
.#
................
..###
...)............
....#
......c{o.......
.[..###
#######loo......
......##
####..@#####...
.......####....###
......)..>..####
......#######
......# ......#
......# ###...#
#####


You could see an orc warrior, a centaur, an iguana, an orc priest and an orc.

Vanquished Creatures
  A basilisk (D:7)
  An orc warrior (D:7)
  2 ice beasts (D:6)
  A sky beast (D:7)
  An ogre (D:6)
  2 phantoms
  A kobold brigand (D:7)
  2 bullfrogs (Sewer)
  3 scorpions
  3 vampire bats (D:5)
  4 hounds
  3 gnoll boudas
  An orc priest (D:7)
  2 jellies (D:6)
  6 iguanas
  Jessica (D:2)
  Natasha (twice) (D:2)
  4 orc wizards
  Ijyb (D:3)
  Robin (D:3)
  17 gnolls
  2 river rats (D:4)
  9 adders
  A worm (D:2)
  2 dart slugs
  23 orcs
  4 bats
  2 bat skeletons (D:5)
  3 bat zombies (D:5)
  8 endoplasms
  7 giant cockroaches
  11 goblins
  8 hobgoblins
  9 jackals
  6 kobolds
  13 quokkas
  12 ball pythons
  15 frilled lizards
  7 rats
201 creatures vanquished.

Vanquished Creatures (others)
  3 orcs (D:6)
3 creatures vanquished.

Grand Total: 204 creatures vanquished

Notes
Turn   | Place    | Note
-------+----------+-------------------------------------------
     0 | D:1      | Dittersdorf the Gargoyle Fighter began the quest for the
                  | Orb.
     0 | D:1      | Reached XP level 1. HP: 14/14 MP: 1/1
    17 | D:1      | You fall into a shaft and drop 1 floor!
    18 | D:2      | yay
   164 | D:1      | Reached XP level 2. HP: 19/19 MP: 2/2
   504 | D:1      | Reached XP level 3. HP: 23/23 MP: 3/3
  1003 | D:2      | Found Useann's Jewellery Emporium.
  1097 | D:2      | Noticed Natasha
  1103 | D:2      | Killed Natasha
  1104 | D:2      | Reached XP level 4. HP: 15/29 MP: 4/4
  1301 | D:2      | Found Otitt's Antique Armour Emporium.
  1407 | D:2      | Found Maemeumn's Book Shoppe.
  1407 | D:2      | Noticed Jessica
  1413 | D:2      | Killed Jessica
  1414 | D:2      | Reached skill level 4 in Fighting
  1472 | D:2      | Found a runed translucent door.
  1473 | D:2      | Noticed Crazy Yiuf
  1539 | D:2      | Found Naifo's Jewellery Shoppe.
  1695 | D:2      | Found Otitt's Antique Armour Emporium.
  1793 | D:2      | Found Useann's Jewellery Emporium.
  1795 | D:2      | Noticed Natasha
  1805 | D:2      | Killed Natasha
  1806 | D:2      | Reached XP level 5. HP: 30/33 MP: 5/5
  2019 | D:2      | Found Maemeumn's Book Shoppe.
  2041 | D:2      | Found Naifo's Jewellery Shoppe.
  2511 | D:3      | Identified the +2 leather armour "Forget-Me-Not" {rF- Int+5
                  | SInv Stlth+}
  2580 | D:3      | Noticed Robin
  2589 | D:3      | Killed Robin
  2877 | D:3      | Reached XP level 6. HP: 39/39 MP: 6/6
  2925 | D:3      | Noticed Ijyb
  2939 | D:3      | Killed Ijyb
  3111 | D:3      | Identified the +5 mace "Ofulusmena" {venom, rN++ rCorr
                  | Int-2 Dex+2}
  3207 | D:3      | Found an iron altar of Okawaru.
  3211 | D:3      | Became a worshipper of Warmaster Okawaru
  3348 | D:4      | Found Qaoczase's Distillery.
  3564 | D:4      | Found a shimmering blue altar of Sif Muna.
  3924 | D:4      | Found Qoleun's Antique Weapon Shoppe.
  3935 | D:4      | Bought a crystal morningstar for 216 gold pieces
  3935 | D:4      | Identified the +4 morningstar of Big Damage {freeze, *Slow
                  | rElec rF++ MP+9} (You bought it in a shop on level 4 of the
                  | Dungeon)
  3941 | D:4      | Reached skill level 5 in Shields
  3941 | D:4      | Found a glowing drain.
  3945 | D:4      | Reached skill level 5 in Armour
  3957 | Sewer    | Entered a sewer
  3998 | Sewer    | Reached skill level 5 in Fighting
  4055 | Sewer    | Reached XP level 7. HP: 42/44 MP: 7/7
  4305 | Sewer    | Reached * piety under Okawaru
  4768 | D:5      | Entered Level 5 of the Dungeon
  4775 | D:5      | Found Ratat's Elemental Accessories.
  4775 | D:5      | Found a burning altar of Makhleb.
  4832 | D:5      | Found Veics's Armour Shoppe.
  4884 | D:5      | Found a sparkling altar of Nemelex Xobeh.
  5102 | D:5      | Found Osutuixt's Distillery.
  5260 | D:5      | Reached XP level 8. HP: 33/51 MP: 8/8
  5333 | D:5      | Found Liaguegu's Weapon Emporium.
  5458 | D:5      | Found an ancient bone altar of Kikubaaqudgha.
  5464 | D:5      | Reached skill level 6 in Fighting
  5535 | D:5      | Found Heefiohi's Antique Armour Shoppe.
  5588 | D:6      | Reached ** piety under Okawaru
  5589 | D:6      | Reached skill level 5 in Maces & Flails
  5768 | D:6      | Identified a scroll of acquirement
  5768 | D:6      | Acquired a manual of Fighting
  5952 | D:6      | Found a blossoming altar of Fedhas.
  5961 | D:6      | Found a staircase to the Ecumenical Temple.
  6006 | D:6      | Reached skill level 7 in Fighting
  6387 | D:6      | Reached XP level 9. HP: 58/58 MP: 9/9
  6500 | D:6      | Found an ornate altar of the Wu Jian Council.
  6689 | D:7      | Reached skill level 8 in Fighting
  6713 | D:7      | Reached *** piety under Okawaru
  7158 | D:7      | Slain by an iguana

Illustrated notes

###
<.#
#.#
#.#
#.#
#.#
#@#
#.#
#..
####


Turn 18 on D:2: yay

Levels and vault maps discovered:
D:1:      dpeg_arrival_windows_large_door, layout_basic
D:2:      layout_loops_ring, serial_shops, shop, nicolae_shop_advertising_works
          [nicolae_subvault_shop_adworks], nicolae_shop_hallway_plus,
          shop_coins, uniq_jessica, uniq_crazy_yiuf_cottage, uniq_natasha
D:3:      layout_loops_ring, marbit_many_paths, hangedman_decor_slide_cut,
          minmay_fractal_squares_5, uniq_ijyb, uniq_robin
D:4:      layout_basic, mainiacjoe_overflow_chevrons, portal_sewer_entry_b,
          serial_shops, nicolae_stop_n_shop_2, shop_fountains
D:5:      layout_rooms, mainiacjoe_overflow_alcove_2, kennysheep_vampire_church,
          mainiacjoe_overflow_tiny_flanked, serial_shops, shop,
          nicolae_shop_waterfront, nicolae_lakefront_shop, nicolae_shop_stone,
          nicolae_elemental_shop, item_on_display_a
D:6:      layout_basic, lemuel_round_altar, lemuel_round_altar,
          minmay_temple_entry_mini_moons, lemuel_flamethrower_2
D:7:      layout_basic, trog_butcher_becter

Skill      XL: |  1  2  3  4  5  6  7  8  9 |
---------------+----------------------------+-----
Fighting       | 4 5 7 8 |  8.6
Armour         | 4 5 6 7 |  7.4
Shields        | 4 5 6 7 |  7.5
Maces & Flails | 3 4 5 6 |  6.4

Action                     |  1- 3 |  4- 6 |  7- 9 || total
---------------------------+-------+-------+-------++-------
  Melee: Flail             |   124 |   200 |       ||   324
         Morningstar       |       |    56 |   298 ||   354
         Mace              |       |    29 |       ||    29
    Use: Scroll            |       |     9 |     4 ||    13
 Armour: Scale mail        |    10 |       |       ||    10
         Chain mail        |    63 |   143 |   192 ||   398
         Skin              |       |     9 |       ||     9
  Dodge: Dodged            |   105 |   172 |   225 ||   502
  Block: Buckler           |    37 |    75 |    15 ||   127
         Kite shield       |       |       |   138 ||   138

Table legend: (Time is in decaauts)
 A = Elapsed time spent in this place.
 B = Non-inter-level travel time spent in this place.
 C = Inter-level travel time spent in this place.
 D = Time resting spent in this place.
 E = Time spent auto-exploring this place.
 F = Levels seen in this place.
 G = Mean time per level.
                   A        B        C        D        E       F      G
               +--------+--------+--------+--------+--------+-----+--------+
         Total |   7460 |   7016 |    444 |    302 |   4720 |   8 |  932.5 |
       Dungeon |   6979 |   6535 |    444 |    302 |   4668 |   7 |  997.0 |
         Sewer |    481 |    481 |      0 |      0 |     51 |   1 |  481.0 |
               +--------+--------+--------+--------+--------+-----+--------+

Top non-repeatable levels by time:
     D:2: 1618 daAuts
     D:4: 1154 daAuts
     D:6: 1117 daAuts
     D:3: 1030 daAuts
     D:1: 804 daAuts
     D:5: 731 daAuts
     D:7: 522 daAuts
   Sewer: 481 daAuts
